 Dungeon Crawl Stone Soup version 0.27.1-33-g824d729ab1 (webtiles) character file.

Game seed: 4755918667223615059

120 alasdair19 the Covered (level 4, 0/40 HPs)
             Began as a Minotaur Fighter on Dec 5, 2021.
             Slain by an orc (5 damage)
             ... on level 3 of the Dungeon.
             The game lasted 00:06:03 (2601 turns).

alasdair19 the Covered (Minotaur Fighter)           Turns: 2601, Time: 00:06:04

Health: 0/40       AC:  7    Str: 20    XL:     4   Next: 75%
Magic:  3/3        EV:  7    Int:  6    God:
Gold:   39         SH: 12    Dex: 16    Spells: 3/3 levels left

rFire    . . .     SeeInvis .   a - +1 long sword (venom)
rCold    . . .     Faith    .   f - +2 kite shield
rNeg     . . .     Spirit   .   b - +0 scale mail
rPois    .         Reflect  .   (helmet restricted)
rElec    .         Harm     .   (no cloak)
rCorr    .         Rampage  .   (no gloves)
Will     .....                  (no boots)
Stlth    ..........             (no amulet)
HPRegen  0.13/turn              g - +6 ring of dexterity
MPRegen  0.08/turn              (no ring)

@: no status effects
A: horns 2, retaliatory headbutt
a: no special abilities


You were on level 3 of the Dungeon.
You visited 1 branch of the dungeon, and saw 3 of its levels.

You collected 39 gold pieces.

Inventory:

Hand Weapons
 a - a +1 long sword of venom (weapon)
Armour
 b - a +0 scale mail (worn)
 f - a +2 kite shield (worn)
Jewellery
 g - a +6 ring of dexterity (left hand)
 l - a ring of ice
Scrolls
 h - 3 scrolls of identify
Potions
 c - a potion of curing {unknown}
 d - a potion of might
 e - a potion of haste {unknown}
 j - a potion of lignification
 k - a potion of invisibility {unknown}


   Skills:
 + Level 4.2 Fighting
 + Level 4.2 Long Blades
 + Level 4.5 Armour
 + Level 4.4 Shields


You had 3 spell levels left.
You didn't know any spells.
Your spell library contained the following spells:

 Spells                   Type           Power      Damage    Failure   Level
 Animate Skeleton         Necr           0%         N/A       99%         1
 Apportation              Tloc           0%         N/A       99%         1
 Corona                   Hex            0%         N/A       99%         1
 Summon Small Mammal      Summ           0%         N/A       99%         1


Dungeon Overview and Level Annotations

Branches:
Dungeon (3/15)

Altars:

Portals:
Sewer: D:3


Innate Abilities, Weirdness & Mutations

You have a pair of horns on your head.
You reflexively headbutt those who attack you in melee.


Message History

The river rat is moderately wounded.
The river rat bites you.
You hit the river rat.
You kill the river rat!
An orc comes into view. It is wielding a +0 dagger.
The orc moves out of view.
You hit the rat.
The rat is poisoned.
The rat is heavily wounded.
The rat barely misses you.
You hit the rat.
You kill the rat!
You hit the orc.
The orc is poisoned.
The orc is severely wounded.
You block the orc's attack.
You completely miss the orc. You headbutt the orc.
You kill the orc!
You block the orc's attack.
You hit the orc.
The orc is poisoned.
The orc is heavily wounded.
The orc hits you with a +0 flail.
You closely miss the orc.
The orc is almost dead.
The orc hits you with a +0 flail!
An orc comes into view. It is wielding a +0 club.
The orc shouts!
You slash the orc!
You kill the orc!
An orc comes into view. It is wielding a +0 short sword.
The orc shouts!
You hear a shout!
An orc priest comes into view.
It is wielding a +2 hand axe of freezing.
Items here: ! $ ( ))) [[ ††††.
The orc shouts!
The orc priest mumbles some strange prayers to Beogh against you.
Beogh smites you!
* * * LOW HITPOINT WARNING * * *
The orc barely misses you. You furiously retaliate!
You headbutt the orc. You slash the orc!
You kill the orc!
The orc hits you with a +0 club.
You die...

######.# #.## ### # #.#
#..## # ##+## ##.#.## #
##...## ##..##.## #
##.....## #$#..##.#
###.......## ##.#.#†##
##.........####.....#####.
.'.........+.).............
##.........###..@o...#.#..#
##.......## #.#o).......
##.....## #.#..o.......#
##...## #.>....≈≈≈...#
##+## #.....≈≈≈≈≈...
#.....≈≈∩≈≈$. #.#...≈≈≈≈≈..
#(.....≈≈≈..


You could see an orc priest and 2 orcs.

Vanquished Creatures
  Robin (D:2)
  2 adders (D:3)
  A river rat (D:3)
  A worm (D:2)
  4 orcs (D:3)
  6 ball pythons
  2 bats
  6 endoplasms
  17 giant cockroaches
  9 goblins
  6 hobgoblins
  A quokka (D:1)
  4 frilled lizards
  4 kobolds
  6 rats
70 creatures vanquished.

Notes
Turn   | Place    | Note
-------+----------+-------------------------------------------
     0 | D:1      | alasdair19 the Minotaur Fighter began the quest for the
                  | Orb.
     0 | D:1      | Reached XP level 1. HP: 19/19 MP: 0/0
   273 | D:1      | Reached XP level 2. HP: 18/27 MP: 1/1
  1002 | D:1      | Reached XP level 3. HP: 29/33 MP: 2/2
  1391 | D:2      | Found a faded altar of an unknown god.
  1565 | D:2      | Noticed Robin
  1579 | D:2      | Killed Robin
  2254 | D:3      | Reached XP level 4. HP: 31/40 MP: 3/3
  2575 | D:3      | Found a glowing drain.
  2601 | D:3      | Slain by an orc

Illustrated notes

Levels and vault maps discovered:
D:1:      dpeg_arrival_tiny_f, layout_loops_corners
D:2:      layout_basic, basic_ecumenical_altar, uniq_robin
D:3:      minmay_roachtagon, layout_loops_corners, portal_sewer_entry_a

Skill      XL: |  1  2  3  4 |
---------------+-------------+-----
Shields        | 4 |  4.4
Fighting       | 4 |  4.2
Armour         | 4 |  4.5
Long Blades    | 3 4 |  4.2

Action                   |  1- 3 |  4- 6 || total
-------------------------+-------+-------++-------
Melee: Long sword        |    95 |    36 ||   131
       Headbutt          |    14 |    11 ||    25
  Use: Scroll            |     4 |       ||     4
Armor: Scale mail        |    43 |     6 ||    49
Dodge: Dodged            |    25 |    10 ||    35
Block: Kite shield       |    65 |    16 ||    81
       Rpst.: Long sword |    10 |     3 ||    13
